 Dungeon Crawl Stone Soup version 0.25-a0-561-g0977b4d109 (webtiles) character file.

Game seed: 6427561529350055711, levelgen mode: deterministic

62 Flugslaktarn the Covered (level 3, -2/34 HPs)
             Began as a Deep Dwarf Fighter on Feb 25, 2020.
             Slain by Sigmund
             ... wielding a +0 scythe
              (3 damage)
             ... on level 2 of the Dungeon.
             The game lasted 00:00:23 (297 turns).

Flugslaktarn the Covered (Deep Dwarf Fighter)        Turns: 297, Time: 00:00:24

Health: -2/34      AC:  7    Str: 23    XL:     3   Next: 85%
Magic:  2/2        EV:  7    Int:  8    God:
Gold:   44         SH:  9    Dex: 12    Spells: 2/2 levels left

rFire    . . .     SeeInvis .   a - +0 war axe
rCold    . . .     Gourm    .   c - +0 kite shield
rNeg     . . .     Faith    .   b - +0 scale mail
rPois    .         Spirit   .   (no helmet)
rElec    .         Reflect  .   (no cloak)
rCorr    .         Harm     .   (no gloves)
MR       .....                  (no boots)
Stlth    ..........             (no amulet)
HPRegen  0.00/turn              h - +3 ring of strength
MPRegen  0.08/turn              (no ring)

@: non-regenerating
A: damage resistance, heal wounds, sense surroundings 1, no regeneration
a: Heal Wounds


You were on level 2 of the Dungeon.
You were not hungry.

You visited 1 branch of the dungeon, and saw 2 of its levels.

You collected 44 gold pieces.

Inventory:

Hand Weapons
 a - a +0 war axe (weapon)
Armour
 b - a +0 scale mail (worn)
 c - a +0 kite shield (worn)
Jewellery
 h - a +3 ring of strength (left hand)
   (You found it on level 1 of the Dungeon)
 i - an uncursed ring of ice
   (You found it on level 2 of the Dungeon)
Potions
 d - a potion of might
 f - a potion of magic {unknown}
Comestibles
 e - a ration
 g - 14 chunks of flesh


   Skills:
 + Level 3.1 Fighting
 * Level 3.4 Axes
 + Level 3.7 Armour
 + Level 3.7 Shields


You had 2 spell levels left.
You didn't know any spells.
Your spell library was empty.

Dungeon Overview and Level Annotations

Branches:
Dungeon (2/15)

Altars:

Annotations:
D:2 Sigmund


Innate Abilities, Weirdness & Mutations

You are resistant to damage.
You can heal yourself by infusing magical energy.
You passively map a small area around you.
You do not regenerate.


Message History

No target in view!
No target in view!
No target in view!
No target in view!
No target in view!
No target in view!
No target in view!
No target in view!
You slash something! Something hits you.
You barely miss something. You block something's attack.
Your shield and scale mail prevent you from hitting something.
Something hits you!
You closely miss something. Something hits you but does no damage.
You miss something. Something hits you.
You miss something. Something hits you!
* * * LOW HITPOINT WARNING * * *
You closely miss something. Something hits you.
* * * LOW HITPOINT WARNING * * *
You hit something but do no damage. Something hits you.
You die...

, , *
##..#.###.#
* ##.#.# ,
* , **
#.#.###.#
#.......#
###.##### *
** #.# * ,
* #.# * *
#.# * * #@#
* #{# * *
#.# , ..#
### , ,,


There were no monsters in sight!

Vanquished Creatures
  4 gnolls (D:2)
  An adder (D:2)
  A dart slug (D:1)
  2 bats
  A goblin (D:1)
  3 hobgoblins
  2 kobolds (D:2)
  A rat (D:1)
15 creatures vanquished.

Notes
Turn   | Place    | Note
-------+----------+-------------------------------------------
     0 | D:1      | Flugslaktarn the Deep Dwarf Fighter began the quest for the
                  | Orb.
     0 | D:1      | Reached XP level 1. HP: 20/20 MP: 1/1
   111 | D:2      | Reached XP level 2. HP: 21/27 MP: 2/2
   175 | D:2      | Reached XP level 3. HP: 21/33 MP: 3/3
   279 | D:2      | Noticed Sigmund
   296 | D:2      | HP: 1/34 [something (5)]
   297 | D:2      | Slain by Sigmund

Levels and vault maps discovered:
D:1:      noname_arrival_rooms_in_the_neighbourhood, layout_basic
D:2:      layout_loops_corners, first_ration, minmay_domino_2, uniq_sigmund

Skill      XL: |  1  2  3 |
---------------+----------+-----
Axes           | 3 |  3.4
Fighting       | 3 |  3.1
Armour         | |  3.7
Shields        | |  3.7

Action                   || total
-------------------------++-------
Melee: War axe           ||    90
 Abil: Heal Wounds       ||     3
Armor: Scale mail        ||    34
Dodge: Dodged            ||    35
Block: Kite shield       ||    51

Table legend:
 A = Non-vault XP
 B = Vault XP
 C = Vault XP percentage of total XP
 D = Non-vault monster count
 E = Vault monster count
 F = Vault count percentage of total count
                 A         B        C        D         E       F
            +---------+---------+-------+---------+---------+-------
      Total |      87 |       2 |   2.2 |      14 |       1 |   6.7
            +---------+---------+-------+---------+---------+-------
        D:1 |      11 |       0 |   0.0 |       5 |       0 |   0.0
        D:2 |      76 |       2 |   2.6 |       9 |       1 |  10.0
            +---------+---------+-------+---------+---------+-------
